 Dungeon Crawl Stone Soup version 0.31-a0-234-gad7ace16ef (webtiles) character file.

Game seed: 12818718038674488869

603 qw the Shooter (level 7, -2/60 HPs)
             Began as a Minotaur Hexslinger on July 9, 2023.
             Killed from afar by an orc wizard (10 damage)
             ... with a magic dart
             ... on level 4 of the Dungeon.
             The game lasted 00:01:39 (4550 turns).

qw the Shooter (Minotaur Hexslinger)                Turns: 4550, Time: 00:01:40

Health: -2/60      AC:  7    Str: 12      XL:     7   Next: 18%
Magic:  7/7        EV: 12    Int: 16 (17) God:
Gold:   299        SH:  0    Dex: 13      Spells: 7/8 levels left

rFire   . . .        f - +0 shortbow
rCold   . . .        (shield currently unavailable)
rNeg    . . .        e - +2 leather armour "Kuiriebe" {Int+3}
rPois   .            (helmet restricted)
rElec   .            (no cloak)
rCorr   .            h - +1 pair of gloves
SInv    .            (no boots)
Will    .....        (no amulet)
Stlth   +            (no ring)
HPRegen 0.30/turn    (no ring)
MPRegen 0.10/turn

%: no passive effects
@: no status effects
A: horns 2, retaliatory headbutt, talons 1, clever 1, deterioration 1,
MP-powered wands
a: no special abilities


You were on level 4 of the Dungeon.
You visited 1 branch of the dungeon, and saw 4 of its levels.

You collected 389 gold pieces.
You spent 90 gold pieces at shops.


Innate Abilities, Weirdness & Mutations

You have a pair of horns on your head.
You reflexively headbutt those who attack you in melee.
You have sharp toenails.
Your mind is acute. (Int +4, Str/Dex -1)
Your body sometimes deteriorates upon taking damage.
You expend magic power (3 MP) to strengthen your wands.


   Skills:
 - Level 4.6 Fighting
 + Level 7.6 Ranged Weapons
 - Level 1.0 Armour
 - Level 2.1 Dodging
 - Level 1.0 Spellcasting
 - Level 2.0 Hexes


You had 7 spell levels left.
You knew the following spells:

 Your Spells              Type           Power      Damage    Failure   Level
a - Slow                  Hex            28%        N/A       13%         1

Your spell library contained the following spells:

 Spells                   Type           Power      Damage    Failure   Level
 Inner Flame              Hex/Fire       4%         N/A       50%         3
 Portal Projectile        Hex/Tloc       8%         N/A       50%         3
 Cause Fear               Hex            3%         N/A       77%         4

Inventory:

Hand Weapons
 f - a +0 shortbow (weapon)
Armour
 e - the +2 leather armour "Kuiriebe" (worn) {Int+3}
   (You found it on level 3 of the Dungeon)

   Int:       It affects your intelligence (+3).
 h - a +1 pair of gloves (worn)
Scrolls
 b - 2 scrolls of identify
Potions
 a - a potion of might
 d - a potion of curing

Dungeon Overview and Level Annotations

Branches:
Dungeon (4/15)
 Temple: D:4-7

Altars:
Zin

Shops:
D:3 [


Message History

Deactivating autopickup; reactivate with Ctrl-A.
You shoot an arrow.
The arrow hits the ogre but does no damage.
The ogre is severely wounded.
The ogre misses you.
You shoot an arrow. The arrow completely misses the ogre.
The arrow barely misses the giant cockroach.
The ogre hits you with a +0 giant club!
You shoot an arrow. The arrow hits the ogre.
The ogre is severely wounded.
You shoot an arrow. The arrow hits the ogre.
The ogre is almost dead.
The ogre closely misses you. You furiously retaliate!
You headbutt the ogre, but do no damage.
You shoot an arrow.
The arrow hits the ogre but does no damage.
The ogre is almost dead.
The ogre misses you. You furiously retaliate!
You headbutt the ogre!
You kill the ogre!
You feel your strength returning.
You shoot an arrow. The arrow hits the giant cockroach.
You kill the giant cockroach!
You shoot an arrow. You shoot an arrow. Something hits you.
You shoot an arrow. Something hits you.
You shoot an arrow.
You hear some strange, mumbled words.
A magic dart appears from out of thin air!
The magic dart hits you. Something hits you.
You shoot an arrow. Something hits you.
You shoot an arrow. Something hits you.
You shoot an arrow.
You hear some strange, mumbled words.
A magic dart appears from out of thin air!
The magic dart hits you!
You die...

...............#########.....###.
............)..'.......'.....'...
#####.)........#########.....###.
#...########## ##.## #.....# #.
##### #...# #.....#### .
##...#####....... ... ##.....##
#.###### $$...##../....# #.#..<..
..$...{@......# #.#.....
$$...#####'######.#..... ...
#.....#..<...#..... .
##.....##....##.....
#.......#....##.#...
########.......#...........
+......).......##..........
####'####.....###...##.....
##....##...####...#......


There were no monsters in sight!

Vanquished Creatures
  Duvessa (D:4)
  An ogre (D:4)
  A phantom (D:4)
  A scorpion (D:4)
  Dowan (D:3)
  An orc priest (D:4)
  3 iguanas
  5 adders
  3 dart slugs (D:1)
  2 orcs
  10 ball pythons
  7 bats
  6 endoplasms
  7 giant cockroaches
  8 goblins
  5 hobgoblins
  3 jackals (D:4)
  6 kobolds
  4 quokkas
  A frilled lizard (D:2)
  6 rats
82 creatures vanquished.

Notes
Turn   | Place    | Note
-------+----------+-------------------------------------------
     0 | D:1      | qw the Minotaur Hexslinger began the quest for the Orb.
     0 | D:1      | Reached XP level 1. HP: 16/16 MP: 1/1
     0 | D:1      | 0 ||| qw: Version: 0.3-a-51-g015441d
     0 | D:1      | 0 ||| qw: Game counter: 4071
     0 | D:1      | 0 ||| qw: Melee chars always use a shield: true
     0 | D:1      | 0 ||| qw: God list: Okawaru
     0 | D:1      | 0 ||| qw: Allow faded altars: false
     0 | D:1      | 0 ||| qw: Do Orc after clearing Dungeon:15 true
     0 | D:1      | 0 ||| qw: Do second Lair branch before Depths: true
     0 | D:1      | 0 ||| qw: Lair rune preference: random
     0 | D:1      | 0 ||| qw: Goals: Normal
     0 | D:1      | 0 ||| PLANNING D:1-11
   180 | D:1      | 180 ||| FLEEEEING.
   181 | D:1      | 181 ||| FLEEEEING.
   182 | D:1      | 182 ||| FLEEEEING.
   183 | D:1      | 183 ||| FLEEEEING.
   184 | D:1      | 184 ||| FLEEEEING.
   185 | D:1      | 185 ||| FLEEEEING.
   186 | D:1      | 186 ||| FLEEEEING.
   187 | D:1      | 187 ||| FLEEEEING.
   195 | D:1      | Reached skill level 3 in Ranged Weapons
   195 | D:1      | Reached XP level 2. HP: 23/23 MP: 2/2
   562 | D:1      | 562 ||| FLEEEEING.
   773 | D:1      | Reached XP level 3. HP: 29/29 MP: 3/3
  1018 | D:1      | 1018 ||| UPGRADING to +0 ring mail.
  1028 | D:1      | 1028 ||| DROPPING +0 robe.
  1029 | D:1      | 1029 ||| READING scroll labelled NUAKOX JEAFUBU.
  1030 | D:1      | 1030 ||| READING scroll labelled FONAUJ SIEH.
  1031 | D:1      | 1031 ||| READING scroll labelled OTOHEN DEFAMUTT.
  1032 | D:1      | 1032 ||| READING 2 scrolls labelled IRPHIA DUSAPP.
  1033 | D:1      | 1033 ||| DRINKING 2 metallic white potions.
  1034 | D:1      | 1034 ||| DROPPING scroll of poison.
  1035 | D:1      | 1035 ||| DROPPING potion of degeneration.
  1036 | D:1      | 1036 ||| DROPPING scroll of revelation.
  1208 | D:2      | Reached skill level 4 in Ranged Weapons
  1307 | D:2      | Reached skill level 1 in Armour
  1501 | D:2      | Reached XP level 4. HP: 35/36 MP: 4/4
  1927 | D:2      | 1927 ||| DRINKING 2 fizzy silvery potions.
  2195 | D:3      | Reached skill level 5 in Ranged Weapons
  2279 | D:3      | Identified the +2 leather armour "Kuiriebe" {Int+3}
  2318 | D:3      | Found Unuisagg's Armour Boutique.
  2323 | D:3      | 2323 ||| SHOPLISTING +0 steam dragon scales (440 gold, have
                  | 113).
  2323 | D:3      | 2323 ||| SHOPLISTING +2 leather armour of willpower (209
                  | gold, have 113).
  2889 | D:3      | 2889 ||| UPGRADING to +2 leather armour "Kuiriebe" {Int+3}.
  2899 | D:3      | 2899 ||| UPGRADING to +1 pair of gloves.
  2904 | D:3      | 2904 ||| DROPPING +0 ring mail.
  2905 | D:3      | 2905 ||| READING scroll labelled QIUHOU QUSA.
  2909 | D:3      | 2909 ||| READING scroll labelled NEITEC SESSEE.
  2910 | D:3      | 2910 ||| READING scroll labelled DIUCKOEZIN.
  2911 | D:3      | 2911 ||| DRINKING 2 glowing cyan potions.
  2911 | D:3      | Gained mutation: Potions are less effective at restoring
                  | your health. [potion of mutation]
  2911 | D:3      | Gained mutation: You have sharp toenails. [potion of
                  | mutation]
  2911 | D:3      | Gained mutation: You have razor-sharp toenails. [potion of
                  | mutation]
  2911 | D:3      | Gained mutation: Your mind is acute. (Int +4, Str/Dex -1)
                  | [potion of mutation]
  2912 | D:3      | 2912 ||| DRINKING potion of mutation.
  2912 | D:3      | Lost mutation: Potions are less effective at restoring your
                  | health. [potion of mutation]
  2912 | D:3      | Lost mutation: You have razor-sharp toenails. [potion of
                  | mutation]
  2912 | D:3      | Lost mutation: Your mind is acute. (Int +4, Str/Dex -1)
                  | [potion of mutation]
  2912 | D:3      | Gained mutation: Your body sometimes deteriorates upon
                  | taking damage. [potion of mutation]
  2912 | D:3      | Gained mutation: You expend magic power (3 MP) to
                  | strengthen your wands. [potion of mutation]
  2912 | D:3      | Gained mutation: Your mind is acute. (Int +4, Str/Dex -1)
                  | [potion of mutation]
  2959 | D:4      | 2959 ||| STAIRDANCE
  2962 | D:3      | Reached skill level 3 in Fighting
  2962 | D:3      | Reached XP level 5. HP: 36/45 MP: 5/5
  3306 | D:4      | Found Zin's Purification Station.
  3309 | D:4      | Found a glowing silver altar of Zin.
  3314 | D:4      | 3314 ||| BUYING potion of curing (90 gold).
  3314 | D:4      | Bought a potion of curing for 90 gold pieces
  3331 | D:4      | Noticed Duvessa
  3331 | D:4      | Noticed Dowan
  3332 | D:4      | 3332 ||| SWAPPING to +0 shortbow.
  3349 | D:4      | HP: 9/45 [Duvessa/+0 rapier (6)]
  3350 | D:4      | 3350 ||| READING scroll of teleportation.
  3351 | D:4      | HP: 2/45 [Dowan/+0 dagger (4)]
  3369 | D:4      | 3369 ||| FLEEEEING.
  3370 | D:4      | 3370 ||| FLEEEEING.
  3371 | D:4      | 3371 ||| STAIRDANCE
  3510 | D:3      | 3510 ||| DROPPING +1 sling.
  3514 | D:4      | 3514 ||| STAIRDANCE
  3569 | D:4      | 3569 ||| STAIRDANCE
  3599 | D:4      | 3599 ||| STAIRDANCE
  3643 | D:4      | 3643 ||| STAIRDANCE
  3716 | D:4      | 3716 ||| STAIRDANCE
  3773 | D:4      | 3773 ||| STAIRDANCE
  3829 | D:4      | Killed Duvessa
  3830 | D:4      | Reached skill level 6 in Ranged Weapons
  3830 | D:4      | Reached XP level 6. HP: 49/51 MP: 6/6
  3838 | D:4      | 3838 ||| STAIRDANCE
  3929 | D:4      | 3929 ||| STAIRDANCE
  3979 | D:4      | 3979 ||| STAIRDANCE
  3981 | D:3      | HP: 4/51 [Dowan/shard of ice (14)]
  3982 | D:3      | Killed Dowan
  4440 | D:4      | Reached skill level 7 in Ranged Weapons
  4534 | D:4      | Reached XP level 7. HP: 48/60 MP: 7/7
  4547 | D:4      | HP: 13/60 [something/magic dart (6)]
  4550 | D:4      | Killed from afar by an orc wizard

Levels and vault maps discovered:
D:1:      nzn_arrival_crosshair, layout_basic, chequers_avenue,
          hangedman_decor_opposing, minmay_domino_4
D:2:      layout_basic, chequers_mini_garden, hangedman_glass_teeth, st_stairs_5
D:3:      layout_loops_corners, serial_shops, nicolae_shop_tiny_statue_garden
D:4:      minmay_polygon_palace, layout_basic, zin_purify,
          minmay_temple_entry_antechambers, uniq_duvessa

Skill      XL: |  1  2  3  4  5  6 |
---------------+-------------------+-----
Ranged Weapons | 3 4 5 6 7 |  7.6
Fighting       | 2 3 4 |  4.6
Armour         | 1 |  1.0
Dodging        | |  2.1
Spellcasting   | |  1.0
Hexes          | |  2.0

Action                     |  1- 3 |  4- 6 |  7- 9 || total
---------------------------+-------+-------+-------++-------
   Fire: Sling             |   132 |   114 |       ||   246
         Shortbow          |       |   101 |    17 ||   118
    Use: Scroll            |     4 |     4 |       ||     8
         Potion            |     1 |     3 |       ||     4
 Armour: Robe              |     2 |       |       ||     2
         Ring mail         |    34 |    16 |       ||    50
         Leather armour    |       |    38 |       ||    38
  Dodge: Dodged            |    57 |    83 |     5 ||   145

Table legend:
 A = Non-vault XP
 B = Vault XP
 C = Vault XP percentage of total XP
 D = Non-vault monster count
 E = Vault monster count
 F = Vault count percentage of total count
                 A         B        C        D         E       F
            +---------+---------+-------+---------+---------+-------
      Total |     431 |     431 |  50.0 |      65 |      17 |  20.7
            +---------+---------+-------+---------+---------+-------
        D:1 |      37 |       5 |  11.9 |      17 |       3 |  15.0
        D:2 |      59 |       4 |   6.3 |      22 |       2 |   8.3
        D:3 |     108 |      66 |  37.9 |      15 |       1 |   6.2
        D:4 |     227 |     356 |  61.1 |      11 |      11 |  50.0
            +---------+---------+-------+---------+---------+-------
